 Dungeon Crawl Stone Soup version 0.29.1-2-gbd0b4ee654 (webtiles) character file.

Game seed: 1595722984785985758

208 MisterFreud the Twirler (level 6, 0/46 HPs)
             Began as a Formicid Gladiator on Nov 21, 2022.
             Slain by a river rat (4 damage)
             ... on level 4 of the Dungeon.
             The game lasted 00:03:14 (3193 turns).

MisterFreud the Twirler (Formicid Gladiator)        Turns: 3193, Time: 00:03:15

Health: 0/46       AC:  7    Str: 20    XL:     6   Next: 11%
Magic:  6/6        EV: 11    Int:  8    God:
Gold:   193        SH:  0    Dex: 15    Spells: 5/5 levels left

rFire   + . .      SeeInvis +   a - +1 quarterstaff
rCold   . . .      Faith    .   (no shield)
rNeg    . . .      Spirit   .   f - +2 ring mail {rF+}
rPois   .          Reflect  .   (helmet unavailable)
rElec   .          Harm     .   (no cloak)
rCorr   .          Rampage  .   (no gloves)
Will    .....                   (no boots)
Stlth   +.........              (no amulet)
HPRegen 0.15/turn               (no ring)
MPRegen 0.10/turn               (no ring)

@: very slow
A: permanent stasis, dig shafts and tunnels, antennae 3, four strong arms
a: Dig, Shaft Self


You were on level 4 of the Dungeon.
You visited 1 branch of the dungeon, and saw 4 of its levels.

You collected 193 gold pieces.

Inventory:

Hand Weapons
 a - a +1 quarterstaff (weapon)
Missiles
 c - 3 throwing nets (quivered)
 d - a javelin
 j - 5 atropa-tipped darts
Armour
 b - a +0 leather armour
 f - a +2 ring mail of fire resistance (worn)
Scrolls
 n - a scroll of butterflies {unknown}
 o - a scroll of identify
Potions
 e - a potion of lignification
 g - a potion of berserk rage
 h - 2 potions of brilliance
 i - 2 potions of curing {unknown}
 k - a potion of heal wounds {unknown}
 l - 2 potions of mutation {unknown}
 m - a potion of attraction {unknown}


   Skills:
 + Level 2.7 Fighting
 - Level 6.0 Staves
 - Level 2.0 Throwing
 + Level 1.2 Armour
 - Level 2.6 Dodging


You had 5 spell levels left.
You didn't know any spells.
Your spell library contained the following spells:

 Spells                   Type           Power      Damage    Failure   Level
 Magic Dart               Conj           0%         1d3       58%         1
 Searing Ray              Conj           0%         2d4       73%         2
 Fulminant Prism          Conj/Hex       0%         3d6       100%        4


Dungeon Overview and Level Annotations

Branches:
Dungeon (4/15)
 Temple: D:4-7

Altars:
Ashenzari
Sif Muna
Trog


Innate Abilities, Weirdness & Mutations

You cannot be hasted, slowed, berserked, paralysed or teleported.
You can dig through walls and to a lower floor.
You have a pair of large antennae on your head. (SInv)
Your four strong arms can wield two-handed weapons with a shield.


Message History

Your unstable footing causes you to fumble your attack.
The quokka barely misses you.
The quokka splashes around in the water.
You barely miss the quokka.
The quokka bites you but does no damage.
You barely miss the quokka. The quokka barely misses you.
You barely miss the quokka.
The quokka bites you but does no damage.
You hit the quokka but do no damage.
The quokka bites you but does no damage.
You sock the quokka!
You kill the quokka!
A giant cockroach comes into view.
You hear the rusting of a drain.
A river rat comes into view.
The giant cockroach bites you.
* * * LOW HITPOINT WARNING * * *
You hit the giant cockroach.
You kill the giant cockroach!
The river rat barely misses you. x2
You see here a giant cockroach corpse.
You barely miss the river rat. The river rat closely misses you.
Your unstable footing causes you to fumble your attack.
The river rat bites you.
* * * LOW HITPOINT WARNING * * *
You hit the river rat but do no damage. The river rat bites you.
* * * LOW HITPOINT WARNING * * *
Your unstable footing causes you to fumble your attack.
The river rat bites you but does no damage.
You barely miss the river rat. The river rat barely misses you.
Your unstable footing causes you to fumble your attack.
The river rat bites you.
* * * LOW HITPOINT WARNING * * *
You hit the river rat.
The river rat is heavily wounded.
The river rat bites you but does no damage.
You closely miss the river rat.
The river rat is heavily wounded.
The river rat bites you.
You die...

#.###..###.##### #.#
#...##.# #.###...##.#
#......†##.###### ###
####..............
##~######~####.#...#.####
#~~~~~~~~~~# #.#.#.....
#~~~####~~~# #.#?..#.#...
##~##{ ##@####)#####.# ##
#~# #r#.)..†..# # #~#
#~#....##.# ##~##
#~###..# # #~~~# ~~~ #..#
#~~~# ~~~ #..# ##†## #~#
#..# #.## #### #..#
#..####.# #..#


You could see a river rat.

Vanquished Creatures
  A scorpion (D:4)
  An iguana (D:3)
  2 adders (D:3)
  A river rat (D:4)
  A worm (D:3)
  A dart slug (D:2)
  An orc (D:3)
  14 endoplasms
  5 giant cockroaches
  7 goblins
  7 hobgoblins
  4 jackals
  7 kobolds
  6 quokkas
  7 ball pythons
  9 bats
  3 frilled lizards
  8 rats
85 creatures vanquished.

Notes
Turn   | Place    | Note
-------+----------+-------------------------------------------
     0 | D:1      | MisterFreud the Formicid Gladiator began the quest for the
                  | Orb.
     0 | D:1      | Reached XP level 1. HP: 16/16 MP: 1/1
   104 | D:1      | Reached XP level 2. HP: 19/22 MP: 2/2
   323 | D:1      | Reached skill level 4 in Staves
   323 | D:1      | Reached XP level 3. HP: 27/27 MP: 3/3
  1009 | D:2      | Reached XP level 4. HP: 32/33 MP: 4/4
  1695 | D:3      | Found a faded altar of an unknown god.
  1999 | D:3      | Reached skill level 5 in Staves
  2272 | D:3      | Found a broken altar of Ashenzari.
  2275 | D:3      | Found a bloodstained altar of Trog.
  2279 | D:3      | Found a shimmering blue altar of Sif Muna.
  2640 | D:3      | Reached XP level 5. HP: 23/38 MP: 5/5
  3093 | D:4      | Reached skill level 6 in Staves
  3093 | D:4      | Reached skill level 1 in Armour
  3093 | D:4      | Reached XP level 6. HP: 38/46 MP: 6/6
  3193 | D:4      | Slain by a river rat

Illustrated notes

Levels and vault maps discovered:
D:1:      scummos_arrival_checkerplants, layout_rooms, minmay_tall_x
D:2:      layout_basic, st_stairs_6
D:3:      layout_basic, grunt_temple_overflow_diamond,
          ebering_ecumenical_altar_box, minmay_surrounded
D:4:      layout_loops_ring, gup_sewer_entry_bubbles, ebering_ghost_rock_garden

Skill      XL: |  1  2  3  4  5 |
---------------+----------------+-----
Staves         | 4 5 6 |  6.0
Armour         | 1 |  1.2
Fighting       | |  2.7
Throwing       | |  2.0
Dodging        | |  2.6

Action                   |  1- 3 |  4- 6 || total
-------------------------+-------+-------++-------
Melee: Quarterstaff      |   102 |   155 ||   257
       Punch             |       |     2 ||     2
  Use: Scroll            |     2 |     6 ||     8
Armor: Leather armour    |     5 |       ||     5
       Ring mail         |    30 |    60 ||    90
Dodge: Dodged            |    72 |    73 ||   145
